 Dungeon Crawl Stone Soup version 0.31.0-12-g77e489cdc1 (webtiles) character file.

Game seed: 1288697192815467675

105 Killerpretzel the Changeling (level 4, 0/29 HPs)
             Began as an Octopode Shapeshifter on Feb 24, 2024.
             Incinerated by a bombardier beetle (4 damage)
             ... with a burning spray
             ... on level 3 of the Dungeon.
             The game lasted 00:01:42 (1704 turns).

Killerpretzel the Changeling (OpSh)                 Turns: 1704, Time: 00:01:42

Health: 0/29       AC:  1    Str: 13    XL:     4   Next: 83%
Magic:  4/4        EV: 13    Int: 12    God:
Gold:   116        SH:  0    Dex: 13    Spells: 3/3 levels left

rFire   . .          .
                       - Unarmed
rCold   . . .        (no shield)
rNeg    . . .        (helmet currently unavailable)
rPois   .            (no amulet)
rElec   .            (no ring)
rCorr   .            (no ring)
SInv    .            (no ring)
Will    .....        (no ring)
Stlth   +            (no ring)
HPRegen 0.24/turn    (no ring)
MPRegen 0.09/turn    (no ring)
                     (no ring)

%: no passive effects
@: on fire, beast-form, glowing
A: beast (slay +2), almost no armour, amphibious, 8 rings, camouflage 1,
gelatinous body 1, (nimble swimmer 1), tentacles
a: Begin Untransformation


You were on level 3 of the Dungeon.
You were a hulking beast.
You visited 1 branch of the dungeon, and saw 3 of its levels.

You collected 116 gold pieces.

Inventory:

Hand Weapons
 f - a +3 sling of freezing
Talismans
 b - a beast talisman
 c - a flux talisman
Scrolls
 i - 2 scrolls of enchant weapon
Potions
 a - a potion of lignification
 d - a potion of might {unknown}
 e - a potion of berserk rage {unknown}
 g - a potion of enlightenment {unknown}


   Skills:
 + Level 2.0 Fighting
 + Level 2.8 Dodging
 + Level 3.5 Unarmed Combat
 * Level 3.9 Shapeshifting


You had 3 spell levels left.
You didn't know any spells.
Your spell library was empty.

Dungeon Overview and Level Annotations

Branches:
Dungeon (3/15)

Altars:
Makhleb

Shops:
D:3 *


Innate Abilities, Weirdness & Mutations

You are a hulking beast.
Your limbs bulge with bestial killing power. (Slay +2)
You cannot wear most types of armour.
You are amphibious.
You can wear up to eight rings at the same time.
Your skin changes colour to match your surroundings (Stealth+).
Your rubbery body absorbs attacks. (AC +1, EV +1)
((You are camouflaged when in or above water. (Stealth+)))
You have tentacles for arms and can constrict up to eight enemies at once.


Message History

The bombardier beetle sprays incendiary fluid at you.
The burning spray hits you.
You are covered in liquid fire!
You tentacle-slap the bombardier beetle.
You grab the bombardier beetle.
The bombardier beetle is lightly wounded.
The liquid fire burns you!
You constrict the bombardier beetle.
The bombardier beetle sprays incendiary fluid at you.
The burning spray hits you.
You are even more covered in liquid fire!
You tentacle-slap the bombardier beetle.
The bombardier beetle is moderately wounded.
The liquid fire burns you!
You constrict the bombardier beetle.
You are too injured to fight recklessly!
You are too injured to fight recklessly!
You are too injured to fight recklessly!
You are too injured to fight recklessly!
You are too injured to fight recklessly!
You are too injured to fight recklessly!
You are on fire!
You tentacle-slap the bombardier beetle.
The bombardier beetle is severely wounded.
The liquid fire burns you!
You constrict the bombardier beetle.
The bombardier beetle barely misses you.
You tentacle-slap the bombardier beetle.
You squeeze the bombardier beetle.
You kill the bombardier beetle!
The liquid fire burns you!
Your Fighting skill increases to level 2!
You shake off some of the fire as you move.
The liquid fire burns you!
You shake off some of the fire as you move.
The liquid fire burns you!
* * * LOW HITPOINT WARNING * * *
There is a stone staircase leading up here.
The liquid fire burns you!
You die...

#.[....
####......>
##..........
##...........
#............
#..........#
#...†.....#
#.........#
#..h......####
#............∩
#.........###
#.........#
#.........#
#......<..#
##.......##
##..†..##
#######


There were no monsters in sight!

Vanquished Creatures
  A bombardier beetle (D:3)
  2 adders (D:2)
  2 dart slugs
  3 orcs (D:2)
  5 endoplasms
  2 giant cockroaches (D:2)
  5 goblins
  7 hobgoblins
  3 jackals (D:2)
  2 kobolds
  4 ball pythons
  4 bats
  2 frilled lizards
  6 rats
48 creatures vanquished.

Notes
Turn   | Place    | Note
-------+----------+-------------------------------------------
     0 | D:1      | Killerpretzel the Octopode Shapeshifter began the quest for
                  | the Orb.
     0 | D:1      | Reached XP level 1. HP: 13/13 MP: 1/1
   296 | D:1      | Reached XP level 2. HP: 18/18 MP: 2/2
   824 | D:2      | Reached XP level 3. HP: 23/23 MP: 3/3
  1132 | D:2      | Reached XP level 4. HP: 27/29 MP: 4/4
  1159 | D:2      | Found a burning altar of Makhleb.
  1694 | D:3      | Found Giavae's Assorted Antiques.
  1704 | D:3      | Incinerated by a bombardier beetle

Illustrated notes

Levels and vault maps discovered:
D:1:      dpeg_arrival_rhombi, layout_basic
D:2:      layout_basic, basic_altar, st_stairs_4, guppyfry_early_orc_mine
D:3:      wad_lake_hut, layout_rooms, serial_shops, shop, shop,
          nicolae_twisty_statue_hallways, uniq_ijyb, uniq_sigmund, uniq_terence

Skill      XL: |  1  2  3  4 |
---------------+-------------+-----
Fighting       | 2 |  2.0
Dodging        | |  2.8
Unarmed Combat | |  3.5
Shapeshifting  | |  3.9

Action                     |  1- 3 |  4- 6 || total
---------------------------+-------+-------++-------
  Melee: Unarmed           |    57 |    28 ||    85
         Tentacles         |    14 |     4 ||    18
         Constrict         |    17 |     7 ||    24
         Punch             |     1 |       ||     1
    Use: Scroll            |       |     2 ||     2
   Stab: Sleeping          |     5 |     2 ||     7
 Armour: Skin              |    19 |     8 ||    27
  Dodge: Dodged            |    20 |    17 ||    37
